cohdb
Replays
Latest Replays
All Replays
Popular Replays
Top Player Replays
Match Explorer
How It Works
Community
CoH3 Stats
Reddit
Sign in to upload your games and track your stats! →
Sign in with Steam
the waste of the year
Match 12917977
Overview
Messages
Build Orders
End
Royal Engineer Section
Construct Section Command Post
Dingo Light Scout Car
Infantry Section
Infantry Section
Infantry Section
Infantry Training
Grenade Package
Selects British Armored Battlegroup
Selects Rigorous Vehicle Training
Vickers Machine Gun Team
Infantry Section
Infantry Section
Selects Crusader AA Medium Tank
Crusader AA Medium Tank
Crusader AA Medium Tank
Herr Blautier
night_raven0203
0
0
Comments
sign in to comment!
No comments posted yet!